 Dungeon Crawl Stone Soup version 0.31.0-12-g77e489cdc1 (webtiles) character file.

Game seed: 6488153665345805014

252 ExZ the Changeling (level 6, -5/38 HPs)
             Began as an Octopode Shapeshifter on Feb 17, 2024.
             Slain by a gnoll
             ... wielding a +0 spear
              (6 damage)
             ... on level 3 of the Dungeon.
             The game lasted 00:03:50 (2502 turns).

ExZ the Changeling (Octopode Shapeshifter)          Turns: 2502, Time: 00:03:50

Health: -5/38      AC:  1    Str: 15    XL:     6   Next: 14%
Magic:  6/6        EV: 13    Int: 13    God:
Gold:   133        SH:  0    Dex: 11    Spells: 5/5 levels left

rFire   + .          .
                       - Unarmed
rCold   + . .        (no shield)
rNeg    . . .        (helmet currently unavailable)
rPois   +            (no amulet)
rElec   +            e - ring of willpower
rCorr   +            (no ring)
SInv    .            (no ring)
Will    +....        (no ring)
Stlth   ++           (no ring)
HPRegen 0.26/turn    (no ring)
MPRegen 0.10/turn    (no ring)
                     (no ring)

%: no passive effects
@: beast-form, resistant
A: beast (slay +3), almost no armour, amphibious, 8 rings, camouflage 1,
gelatinous body 1, (nimble swimmer 1), tentacles
a: Begin Untransformation


You were on level 3 of the Dungeon.
You were a hulking beast.
You visited 1 branch of the dungeon, and saw 3 of its levels.

You collected 133 gold pieces.

Inventory:

Armour
 l - the +1 Delatra's gloves {ID++}
   (You found it on level 3 of the Dungeon)

   ID++:      It heals its wearer when they drink unknown potions, and restores
   their MP when they read unknown scrolls.
Jewellery
 e - a ring of willpower (left tentacle)
 i - an amulet of faith
Talismans
 b - a beast talisman
 c - a flux talisman
Scrolls
 a - 2 scrolls of identify
 d - a scroll of amnesia
 j - a scroll of enchant weapon
 m - a scroll of silence {unknown}
Potions
 h - a potion of haste {unknown}
 k - a potion of invisibility {unknown}
 n - a potion of resistance


   Skills:
 - Level 1.0 Fighting
 - Level 2.0 Dodging
 - Level 3.0 Unarmed Combat
 + Level 6.2 Shapeshifting


You had 5 spell levels left.
You didn't know any spells.
Your spell library contained the following spells:

 Spells                   Type           Power      Damage    Failure   Level
 Shock                    Conj/Air       0%         1d3       30%         1
 Hailstorm                Conj/Ice       0%         3d5       67%         3
 Summon Ice Beast         Ice/Summ       0%         N/A       67%         3
 Swiftness                Air            0%         N/A       67%         3
 Airstrike                Air            0%         2d(0-16)  97%         4
 Sculpt Simulacrum        Ice/Alch       0%         N/A       100%        6


Dungeon Overview and Level Annotations

Branches:
Dungeon (3/15)

Altars:


Innate Abilities, Weirdness & Mutations

You are a hulking beast.
Your limbs bulge with bestial killing power. (Slay +3)
You cannot wear most types of armour.
You are amphibious.
You can wear up to eight rings at the same time.
Your skin changes colour to match your surroundings (Stealth+).
Your rubbery body absorbs attacks. (AC +1, EV +1)
((You are camouflaged when in or above water. (Stealth+)))
You have tentacles for arms and can constrict up to eight enemies at once.


Message History

An adder comes into view.
You see here a scroll labelled LUGRAU WESID.
The gnoll attacks as it pursues you! The gnoll barely misses you.
The gnoll attacks as it pursues you! The gnoll hits you with a +0 flail.
The gnoll attacks as it pursues you! The gnoll closely misses you.
The gnoll attacks as it pursues you! The gnoll hits you with a +0 flail!
* * * LOW HITPOINT WARNING * * *
The gnoll attacks as it pursues you! The gnoll hits you with a +0 flail.
* * * LOW HITPOINT WARNING * * *
It was a potion of resistance.
You feel protected. The gnoll completely misses you.
Unknown command.
It was a potion of curing.
You feel better. The gnoll hits you with a +0 flail!
* * * LOW HITPOINT WARNING * * *
The gnoll closely misses you.
Unknown command.
It was a potion of heal wounds.
You feel much better. The gnoll barely misses you.
The gnoll hits you from afar with a +0 spear.
Unknown command.
The gnoll attacks as it pursues you! The gnoll completely misses you.
The gnoll hits the bush with a +0 spear.
The gnoll hits you from afar with a +0 spear.
As you read the scroll labelled JAGAOS EFUAME, it crumbles to dust.
It is a scroll of enchant weapon.
You aren't carrying any weapons that can be enchanted.
The gnoll hits the bush with a +0 club.
The gnoll hits you with a +0 flail!
The gnoll hits the bush but does no damage.
The gnoll hits you from afar with a +0 spear.
* * * LOW HITPOINT WARNING * * *
Unknown command.
Unknown command.
As you read the scroll labelled VAITRU JUTI, it crumbles to dust.
It is a scroll of identify.
d - a scroll of amnesia The gnoll hits the bush with a +0 club!
The gnoll hits you with a +0 flail.
* * * LOW HITPOINT WARNING * * *
The gnoll hits you from afar with a +0 spear.
You die...

####### #.#
#.....# #.#
#.....####.##
#...........#
#...........#
#...........#
##########.##
##.########
#..#...hg.####


#.PPPPPPP.PPP# #.....P.PgPgP########### ##P.P.P.PgP.P....g......
#P.P.P.P.....########## #P.PPP.P.PPP.# #P.........P.# #PPP.PPP.PPP.#
#P...P.P.P.P.# You could see 4 gnolls.

Vanquished Creatures
  A phantom (D:3)
  Jessica (D:2)
  An iguana (D:3)
  An orc wizard (D:3)
  5 adders
  A ribbon worm (D:2)
  2 dart slugs (D:1)
  4 orcs (D:3)
  3 bats
  3 endoplasms
  2 giant cockroaches (D:1)
  4 goblins
  4 hobgoblins
  5 kobolds
  2 quokkas
  6 ball pythons
  3 frilled lizards
  4 rats
52 creatures vanquished.

Notes
Turn   | Place    | Note
-------+----------+-------------------------------------------
     0 | D:1      | ExZ the Octopode Shapeshifter began the quest for the Orb.
     0 | D:1      | Reached XP level 1. HP: 13/13 MP: 1/1
    93 | D:1      | Reached XP level 2. HP: 18/18 MP: 2/2
   524 | D:1      | Found a faded altar of an unknown god.
   536 | D:1      | Reached XP level 3. HP: 23/23 MP: 3/3
   551 | D:1      | Reached skill level 4 in Shapeshifting
   876 | D:2      | Noticed Jessica
   883 | D:2      | Killed Jessica
  1005 | D:2      | Reached XP level 4. HP: 28/28 MP: 4/4
  1794 | D:3      | Noticed a phantom
  1841 | D:3      | Found the +1 Delatra's gloves {ID++}
  1951 | D:3      | Reached skill level 5 in Shapeshifting
  1987 | D:3      | Reached XP level 5. HP: 28/33 MP: 5/5
  2140 | D:3      | Identified the +6 scale mail "Zefarili" {rC+ Int+4 Dex+3}
  2200 | D:3      | Killed a phantom
  2201 | D:3      | Reached skill level 6 in Shapeshifting
  2201 | D:3      | Reached XP level 6. HP: 20/38 MP: 6/6
  2502 | D:3      | HP: 1/38 [gnoll/+0 flail (6)]
  2502 | D:3      | Slain by a gnoll

Illustrated notes

Levels and vault maps discovered:
D:1:      mrwooster_arrival_statue_2, layout_basic,
          shapermc_ecumenical_altar_mp_highgroup
D:2:      layout_basic, minmay_misc_feat_rugged, uniq_jessica
D:3:      layout_basic, gup_sewer_entry_spiral, minmay_hedge_maze,
          hangedman_abyss_or_decor_stabs

Skill      XL: |  1  2  3  4  5 |
---------------+----------------+-----
Shapeshifting  | 4 5 6 |  6.2
Fighting       | |  1.0
Dodging        | |  2.0
Unarmed Combat | |  3.0

Action                     |  1- 3 |  4- 6 || total
---------------------------+-------+-------++-------
  Melee: Unarmed           |    43 |    58 ||   101
         Constrict         |    14 |    19 ||    33
         Tentacles         |     8 |    13 ||    21
         Punch             |       |     2 ||     2
    Use: Potion            |       |     4 ||     4
         Scroll            |       |     2 ||     2
   Stab: Sleeping          |     3 |     4 ||     7
 Armour: Skin              |    16 |    34 ||    50
  Dodge: Dodged            |    21 |    25 ||    46
